 Dungeon Crawl Stone Soup version 0.31-a0-1576-ga3383bade6 (webtiles) character file.

Game seed: 12287068525306012379

219 wildpjah the Slasher (level 5, -4/39 HPs)
             Began as a Demonspawn Gladiator on Jan 4, 2024.
             Incinerated by a bombardier beetle (6 damage)
             ... with a burning spray
             ... on level 3 of the Dungeon.
             The game lasted 00:03:21 (2044 turns).

wildpjah the Slasher (Demonspawn Gladiator)         Turns: 2044, Time: 00:03:22

Health: -4/39      AC:  9    Str: 20    XL:     5   Next: 64%
Magic:  5/5        EV: 10    Int:  8    God:
Gold:   131        SH:  0    Dex: 23    Spells: 4/4 levels left

rFire   . . .        v - +0 falchion
rCold   . . .        (no shield)
rNeg    . . .        w - +0 chain mail
rPois   .            c - +0 helmet
rElec   .            (no cloak)
rCorr   .            (no gloves)
SInv    .            (no boots)
Will    +....        (no amulet) Stlth
                     i - +6 ring of dexterity
HPRegen 0.26/turn    s - +6 ring of strength
MPRegen 0.09/turn

%: no passive effects
@: on fire, enlightened, flying, glowing
A: powered by death 1
a: no special abilities


You were on level 3 of the Dungeon.
You visited 1 branch of the dungeon, and saw 3 of its levels.

You collected 131 gold pieces.

Inventory:

Hand Weapons
 a - a +0 long sword
 v - a +0 falchion (weapon)
Missiles
 d - 4 throwing nets (quivered)
 e - a javelin
 t - 2 poisoned darts
Armour
 b - a +0 leather armour
 c - a +0 helmet (worn)
 r - a +0 buckler
 w - a +0 chain mail (worn)
Jewellery
 i - a +6 ring of dexterity (left hand)
 s - a +6 ring of strength (right hand)
Scrolls
 h - a scroll of enchant weapon {unknown}
 k - 7 scrolls of teleportation {unknown}
 l - a scroll of brand weapon {unknown}
 m - 2 scrolls of acquirement {unknown}
 o - a scroll of revelation {unknown}
 p - a scroll of identify {unknown}
 u - a scroll of amnesia {unknown}
Potions
 f - a potion of enlightenment
 g - a potion of brilliance {unknown}
 j - 2 potions of haste {unknown}
 n - a potion of mutation {unknown}
 q - a potion of heal wounds {unknown}
 x - a potion of degeneration {unknown}


   Skills:
 + Level 2.5 Fighting
 + Level 4.3 Long Blades
 + Level 1.8 Throwing
 + Level 1.1 Armour
 * Level 3.6 Dodging
 + Level 1.8 Stealth


You had 4 spell levels left.
You didn't know any spells.
Your spell library contained the following spells:

 Spells                   Type           Power      Damage    Failure   Level
 Lesser Beckoning         Tloc           0%         N/A       99%         2
 Gell's Gravitas          Tloc           0%         N/A       100%        3
 Inner Flame              Hex/Fire       0%         N/A       100%        3
 Teleport Other           Tloc           0%         N/A       100%        3
 Irradiate                Conj/Alch      0%         3d11      100%        5
 Ignition                 Fire           0%         3d3       100%        8


Dungeon Overview and Level Annotations

Branches:
Dungeon (3/15)

Altars:


Innate Abilities, Weirdness & Mutations

You regenerate a little health from kills.


Message History

The bombardier beetle sprays incendiary fluid at you.
The burning spray hits you.
You are covered in liquid fire!
You closely miss the bombardier beetle.
The bombardier beetle is moderately wounded.
The liquid fire burns you!
The bombardier beetle completely misses you.
You hit the bombardier beetle.
The bombardier beetle is severely wounded.
The liquid fire burns you!
You hit the bombardier beetle.
The bombardier beetle is almost dead.
The liquid fire burns you!
The bombardier beetle sprays incendiary fluid at you.
The burning spray hits you.
You are even more covered in liquid fire!
You hit the bombardier beetle but do no damage.
The bombardier beetle is almost dead.
The liquid fire burns you!
The bombardier beetle barely misses you.
You hit the bombardier beetle.
You kill the bombardier beetle!
The liquid fire burns you!
You are too injured to fight recklessly!
You shake off some of the fire as you move.
The liquid fire burns you!
You shake off some of the fire as you move.
The liquid fire burns you!
* * * LOW HITPOINT WARNING * * *
You shake off some of the fire as you move.
The liquid fire burns you!
* * * LOW HITPOINT WARNING * * *
You shake off some of the fire as you move.
The liquid fire burns you!
* * * LOW HITPOINT WARNING * * *
It was a potion of enlightenment.
You feel very buoyant.
You fly up into the air.
The liquid fire burns you!
You die...

## #####
.###############...#
..)................#
.######.#.# #@..# .#
##.## .. #.# ###
######.######
...........>.####
#...............#
#######.####.##.#
#.# #.##.# #.#
#.##.#


There were no monsters in sight!

Vanquished Creatures
  2 bombardier beetles (D:3)
  An orc priest (D:3)
  4 gnolls (D:2)
  3 adders
  7 orcs (D:3)
  5 endoplasms
  A giant cockroach (D:3)
  3 goblins
  9 hobgoblins
  4 kobolds
  2 quokkas
  3 ball pythons
  3 bats
  4 frilled lizards
  3 rats
54 creatures vanquished.

Notes
Turn   | Place    | Note
-------+----------+-------------------------------------------
     0 | D:1      | wildpjah the Demonspawn Gladiator began the quest for the
                  | Orb.
     0 | D:1      | Reached XP level 1. HP: 16/16 MP: 1/1
   237 | D:1      | Gained mutation: You regenerate a little health from kills.
                  | [demonic ancestry]
   237 | D:1      | Reached XP level 2. HP: 22/22 MP: 2/2
   316 | D:1      | Reached skill level 3 in Long Blades
   759 | D:2      | Reached XP level 3. HP: 12/27 MP: 3/3
  1027 | D:2      | Reached XP level 4. HP: 34/34 MP: 4/4
  1860 | D:3      | Reached skill level 1 in Stealth
  1913 | D:3      | Reached skill level 4 in Long Blades
  1913 | D:3      | Reached XP level 5. HP: 38/39 MP: 5/5
  1953 | D:3      | Reached skill level 1 in Armour
  2044 | D:3      | Incinerated by a bombardier beetle

Illustrated notes

Levels and vault maps discovered:
D:1:      spicycebolla_arrival_ecumenical, layout_loops_cross,
          hangedman_decor_points, hangedman_decor_opposing, roderic_filled_cross
D:2:      layout_basic, basic_altar, minmay_misc_feat_hallway
D:3:      layout_loops_ring, feat_on_display

Skill      XL: |  1  2  3  4  5 |
---------------+----------------+-----
Long Blades    | 3 4 |  4.3
Dodging        | 3 |  3.6
Stealth        | 1 |  1.8
Armour         | 1 |  1.1
Fighting       | |  2.5
Throwing       | |  1.8

Action                     |  1- 3 |  4- 6 || total
---------------------------+-------+-------++-------
  Melee: Long sword        |    84 |    59 ||   143
         Punch             |     1 |       ||     1
         Falchion          |       |     9 ||     9
  Throw: Throwing net      |     2 |       ||     2
    Use: Potion            |       |     1 ||     1
   Stab: Sleeping          |     1 |     5 ||     6
 Armour: Leather armour    |    47 |    21 ||    68
         Chain mail        |       |     2 ||     2
  Dodge: Dodged            |    63 |    28 ||    91

Table legend: (Time is in decaauts)
 A = Elapsed time spent in this place.
 B = Non-inter-level travel time spent in this place.
 C = Inter-level travel time spent in this place.
 D = Time resting spent in this place.
 E = Time spent auto-exploring this place.
 F = Levels seen in this place.
 G = Mean time per level.
                   A        B        C        D        E       F      G
               +--------+--------+--------+--------+--------+-----+--------+
         Total |   2075 |   1987 |     88 |      0 |   1566 |   3 |  691.7 |
       Dungeon |   2075 |   1987 |     88 |      0 |   1566 |   3 |  691.7 |
               +--------+--------+--------+--------+--------+-----+--------+

Top non-repeatable levels by time:
     D:2: 1041 daAuts
     D:1: 717 daAuts
     D:3: 316 daAuts
